 Dungeon Crawl Stone Soup version 0.22-a0-355-g201945fe43 (webtiles) character file.

2226 KleinerIrrer the Tainter (level 9, 0/78 HPs)
             Began as a Naga Venom Mage on Apr 18, 2018.
             Was a Follower of Cheibriados.
             Killed by nerve-wracking pain
             ... invoked by Menkaure
              (8 damage)
             ... on level 7 of the Dungeon.
             The game lasted 00:42:29 (9628 turns).

KleinerIrrer the Tainter (Naga Venom Mage)          Turns: 9628, Time: 00:42:30

Health: 0/78       AC:  5    Str: 14    XL:     9   Next: 36%
Magic:  18/19      EV: 16    Int: 20    God:    Cheibriados [*.....]
Gold:   227        SH:  0    Dex: 13    Spells: 16/22 levels left

rFire    . . .     SeeInvis +   b - +3 dagger (flame)
rCold    . . .     Gourm    .   (no shield)
rNeg     . . .     Faith    .   a - +1 robe
rPois    +         Spirit   .   (no helmet)
rElec    .         Reflect  .   (no cloak)
rCorr    .         Harm     .   (no gloves)
MR       +....                  (no barding)
Stlth    ++........             (no amulet)
HPRegen  0.23/turn              m - ring of wizardry
MPRegen  0.16/turn              D - +6 ring of evasion

@: very slightly contaminated, invisible, very slow
A: large, see invisible, deformed body, poison resistance, slowness 2, slow
metabolism 1, spit poison 1, AC +3
a: Spit Poison, Bend Time, Renounce Religion


You were on level 7 of the Dungeon.
You worshipped Cheibriados.
Cheibriados was aware of your devotion.
You were hungry.

You visited 2 branches of the dungeon, and saw 9 of its levels.
You also visited: Ossuary.

You collected 337 gold pieces.
You spent 110 gold pieces at shops.

Inventory:

Hand Weapons
 b - a +3 dagger of flaming (weapon)
 t - a +1 dagger of venom
Missiles
 d - 131 arrows
 e - 60 bolts
Armour
 a - a +1 robe (worn)
 f - the +10 plate armour of the Unbroken {Str-5 Dex+7}
   (You found it on level 4 of the Dungeon)

   It affects your strength (-5).
   It affects your dexterity (+7).
 y - a +0 cloak
 E - a scarf of cloud immunity
Jewellery
 i - a +6 ring of strength
 m - a ring of wizardry (left hand)
 C - an uncursed ring of flight
 D - a +6 ring of evasion (right hand)
Wands
 o - a wand of enslavement (12)
Scrolls
 h - a scroll of amnesia
 k - a scroll of enchant weapon {unknown}
 l - a scroll of remove curse
 n - 2 scrolls of immolation {unknown}
 p - 2 scrolls of identify
 r - a scroll of magic mapping
 B - a scroll of random uselessness {unknown}
 G - a scroll of noise {unknown}
 H - a scroll of acquirement {unknown}
Potions
 g - a potion of ambrosia
 j - a potion of mutation
 s - a potion of magic
 z - 3 potions of flight
 A - 2 potions of curing
Comestibles
 c - 8 rations


   Skills:
 + Level 4.0 Fighting
 + Level 2.9 Armour
 - Level 1.5 Dodging
 - Level 3.0 Stealth
 - Level 7.0 Spellcasting
 - Level 1.0 Conjurations
 - Level 10.0 Poison Magic
 + Level 3.2 Invocations


You had 16 spell levels left.
You knew the following spells:

 Your Spells              Type           Power        Failure   Level  Hunger
a - Sting                 Conj/Pois      ####         1%          1    None
b - Poisonous Vapours     Pois/Air       ####..       1%          2    None
c - Mephitic Cloud        Conj/Pois/Air  ###.....     2%          3    #......


Dungeon Overview and Level Annotations

Branches:
Dungeon (8/15)             Temple (1/1) D:6
   Lair: D:8-11

Altars:
Ashenzari
Cheibriados
Dithmenos
Gozag
Hepliaklqana
Kikubaaqudgha
Makhleb
Nemelex Xobeh
Okawaru
Ru
Trog
Uskayaw
Vehumet
Wu Jian
Xom
Yredelemnul
Zin
The Shining One

Shops:
D:4 ?*%   D:7 *!!

Annotations:
D:7 Menkaure


Innate Abilities, Weirdness & Mutations

You cannot wear boots.
Your serpentine skin is tough. (AC +3)
You have supernaturally acute eyesight. (SInv)
Armour fits poorly on your strangely shaped body.
Your system is resistant to poisons. (rPois)
You cover ground very slowly.
You have a slow metabolism.
You can spit poison.


Message History

Menkaure is heavily damaged.
Menkaure calls on the powers of darkness!
Your body is wracked with pain!
* * * LOW HITPOINT WARNING * * *
You feel much better. Menkaure misses you. The flow of time bends around you.
Cheibriados rebukes Menkaure.
Menkaure seems to slow down.
You feel slightly more hungry. Menkaure hits you!!
* * * LOW HITPOINT WARNING * * *
You fade into invisibility!
Menkaure barely misses you.
Menkaure calls on the powers of darkness!
Your body is wracked with pain!
* * * LOW HITPOINT WARNING * * *
Menkaure calls on the powers of darkness!
Your body is wracked with pain!
* * * LOW HITPOINT WARNING * * *
Menkaure casts a spell at you. Pain shoots through your body!
You die...

#.........# #..,,,,,*
#.#######.#
##.##***,****** #.# #.#
#...,,,,,,,,,,,
#.#######.#
#####.%#****,,,,,,,
#.#.......#####......#
********
#.#..........##.###..##
*,,,,
#.########.#.#....#>..##
*,*** #.#
#..#.#....#.#..# *,*
#.####
####.#..@..#...######,*
#.##.#
#.#....###M.#.....,*
#....#
#.#####.#...#.#*****
####.#
#.....#.M.M.#...).,* #.#
#####.####..######,* #.#
***,*#.####.## *,*,* *
####.# *,,*,#.#.....#
*,,,* * .....#
*,*,*#...##..# ***** *
###### #.#,*######..# *


You could see Menkaure.

Vanquished Creatures
  A hippogriff (D:7)
  Sigmund (D:3)
  An orc warrior (D:6)
  A black bear (D:6)
  3 ogres (D:6)
  2 centaurs
  3 water moccasin zombies (Ossuary)
  4 wights (D:6)
  A howler monkey (D:6)
  A bullfrog zombie (D:5)
  2 crimson imps (D:5)
  3 orc priests
  Crazy Yiuf (D:5)
  10 orc wizards
  4 worker ants
  5 big kobold zombies (Ossuary)
  A hound skeleton (D:4)
  2 mummies (Ossuary)
  3 gnolls (D:2)
  8 adders
  An adder zombie (Ossuary)
  An adder skeleton (D:6)
  4 worms
  3 dart slugs
  4 leopard geckos
  31 orcs
  3 bats
  2 bat skeletons (D:2)
  3 bat zombies (D:2)
  4 giant cockroaches
  4 gnoll zombies (Ossuary)
  4 goblins
  5 hobgoblins
  3 jackals (D:5)
  4 quokkas
  5 frilled lizards
  5 hobgoblin zombies (Ossuary)
  6 kobolds
  6 kobold zombies (Ossuary)
  5 orc zombies (Ossuary)
  A quokka skeleton (D:6)
  7 rats
168 creatures vanquished.

Notes
Turn   | Place    | Note
-------+----------+-------------------------------------------
     0 | D:1      | KleinerIrrer the Naga Venom Mage began the quest for the Orb.
     0 | D:1      | Reached XP level 1. HP: 15/15 MP: 3/3
   394 | D:1      | Reached XP level 2. HP: 20/22 MP: 0/5
   728 | D:1      | Learned a level 2 spell: Poisonous Vapours
  1396 | D:2      | Reached XP level 3. HP: 28/28 MP: 1/7
  1399 | D:2      | Reached skill level 5 in Poison Magic
  1741 | D:2      | Reached XP level 4. HP: 35/36 MP: 0/8
  1748 | D:2      | Learned a level 3 spell: Mephitic Cloud
  2017 | D:2      | Found a shadowy altar of Dithmenos.
  2327 | D:2      | Found a hazy altar of Hepliaklqana.
  2426 | D:2      | Found an ancient bone altar of Kikubaaqudgha.
  3060 | D:3      | Reached XP level 5. HP: 42/42 MP: 7/10
  3084 | D:3      | Reached skill level 6 in Poison Magic
  3322 | D:3      | Noticed Sigmund
  3347 | D:3      | Killed Sigmund
  3347 | D:3      | Reached skill level 7 in Poison Magic
  3347 | D:3      | Reached XP level 6. HP: 45/49 MP: 1/12
  3963 | D:4      | Got a steaming plate armour
  3974 | D:4      | Identified the +10 plate armour of the Unbroken {Str-5 Dex+7} (You found it on level 4 of the Dungeon)
  4267 | D:4      | Found Jiararchuo's Food Emporium.
  4544 | D:4      | Reached XP level 7. HP: 55/55 MP: 4/14
  4557 | D:4      | Reached skill level 5 in Spellcasting
  4776 | D:4      | Found Vociysac's Magic Scroll Shop.
  4777 | D:4      | Found Basuc's Assorted Antiques.
  4800 | D:4      | Bought a scroll of magic mapping for 45 gold pieces
  4800 | D:4      | Bought a scroll of identify for 26 gold pieces
  4800 | D:4      | Bought a scroll of teleportation for 39 gold pieces
  4893 | D:4      | Reached skill level 8 in Poison Magic
  5240 | D:5      | Entered Level 5 of the Dungeon
  5437 | D:5      | Got a faintly glowing dagger
  5438 | D:5      | Identified the cursed +0 dagger of Quick Death {flame, +Rage rPois} (You found it on level 5 of the Dungeon)
  5456 | D:5      | Found a runed door.
  5460 | D:5      | Noticed Crazy Yiuf
  5468 | D:5      | Killed Crazy Yiuf
  6123 | D:5      | Reached skill level 9 in Poison Magic
  6272 | D:5      | Reached XP level 8. HP: 62/62 MP: 15/17
  6300 | D:5      | Found a sparkling altar of Nemelex Xobeh.
  6799 | D:6      | Found a sparkling altar of Nemelex Xobeh.
  6964 | D:6      | Found a glowing golden altar of the Shining One.
  6973 | D:6      | Found a staircase to the Ecumenical Temple.
  6996 | D:6      | Reached skill level 1 in Fighting
  7214 | D:6      | Reached skill level 10 in Poison Magic
  7310 | D:6      | Reached skill level 1 in Armour
  7462 | Temple   | Entered the Ecumenical Temple
  7531 | Temple   | Became a worshipper of Cheibriados the Contemplative
  7655 | D:6      | Reached skill level 1 in Invocations
  7678 | D:6      | Reached XP level 9. HP: 57/74 MP: 12/19
  7796 | D:7      | Found a sand-covered staircase.
  7796 | D:7      | Found Wefiete's General Store.
  7805 | Ossuary  | Entered an ossuary
  8072 | Ossuary  | Reached * piety under Cheibriados
  8564 | D:7      | Found Woont's Distillery.
  8585 | D:7      | Found Fynec's Distillery.
  8683 | D:7      | Noticed Menkaure
  9628 | D:7      | Killed from afar by Menkaure

Vault maps used:
D:1:      dpeg_arrival_renting, glass_columns_b
D:2:      marbit_many_paths, nicolae_overflow_hidden_temple,
          kennysheep_vampire_church
D:3:      wad_floor_pattern_2, uniq_sigmund
D:4:      serial_shops, shop, shop, nicolae_shop_overgrown_old_shop,
          first_ration
D:5:      basic_altar, uniq_crazy_yiuf_cottage
D:6:      kennysheep_mini, minmay_temple_entry_statues_pillars,
          nemelex_diamond_rough_becter
D:7:      nicolae_ossuary_entry_monument, serial_co_window_serial,
          co_window_paths_b, co_window_paths_a, co_window_corner_a,
          co_window_paths_a, co_window_paths_a, co_window_of_opportunity_a,
          co_window_paths_a, co_window_2corner, co_window_unsneaky_path_a,
          co_window_unsneaky_path_b, co_window_2corner, co_window_corner_cb,
          co_window_of_opportunity_c, co_window_paths_e, glass_columns_b,
          glass_columns_c, glass_columns_b, serial_shops, shop,
          nicolae_shop_trees, shop_fountains, uniq_menkaure
D:8:      grunt_temple_overflow_forces_of_nature, elyvilon_altar_5, basic_altar,
          the_bakery, st_stairs_14, cheibriados_altar_1, uniq_gastronok
Temple:   nicolae_temple_great_sept
Ossuary:  ossuary_tomb_2

Skill      XL: |  1  2  3  4  5  6  7  8  9 |
---------------+----------------------------+-----
Poison Magic   | 5 7 9 10 | 10.0
Spellcasting   | 3 4 6 7 |  7.0
Fighting       | 2 4 |  4.0
Armour         | 1 2 |  2.9
Invocations    | 1 3 |  3.2
Dodging        | |  1.5
Stealth        | |  3.0
Conjurations   | |  1.0

Action                   |  1- 3 |  4- 6 |  7- 9 || total
-------------------------+-------+-------+-------++-------
Melee: Short sword       |    16 |    67 |       ||    83
       Spear             |    15 |     1 |       ||    16
       Dagger            |       |     4 |   255 ||   259
       Quarterstaff      |       |       |    48 ||    48
 Cast: Sting             |    18 |    39 |    17 ||    74
       Poisonous Vapours |    12 |    44 |    67 ||   123
       Mephitic Cloud    |       |    11 |    27 ||    38
Invok: Bend Time         |       |       |     6 ||     6
 Abil: Spit Poison       |    12 |    11 |     3 ||    26
Evoke: Wand              |       |     1 |       ||     1
  Use: Scroll            |     5 |     2 |    12 ||    19
       Potion            |       |     3 |     5 ||     8
 Stab: Sleeping          |       |     2 |       ||     2
       Confused          |       |     2 |     1 ||     3
  Eat: Chunk             |     3 |    10 |    10 ||    23
       Ration            |       |       |     1 ||     1
Armor: Robe              |     9 |    60 |    45 ||   114
Dodge: Dodged            |    26 |    83 |   158 ||   267

Table legend:
 A = Spawn XP
 B = Non-spawn XP
 C = Spawn XP percentage of total XP
 D = Spawn monster count
 E = Non-spawn monster count
 F = Spawn count percentage of total count
 G = Total turns spent on level
                    A         B        C        D         E        F      G
               +---------+---------+-------+---------+---------+-------+---------
         Total |       0 |    3181 |   0.0 |       0 |     168 |   0.0 |  9628
               +---------+---------+-------+---------+---------+-------+---------
           D:1 |       0 |      19 |   0.0 |       0 |      13 |   0.0 |  1210
           D:2 |       0 |     111 |   0.0 |       0 |      24 |   0.0 |  1389
           D:3 |       0 |     348 |   0.0 |       0 |      26 |   0.0 |  1335
           D:4 |       0 |     267 |   0.0 |       0 |      19 |   0.0 |  1306
           D:5 |       0 |     488 |   0.0 |       0 |      23 |   0.0 |  1411
           D:6 |       0 |    1125 |   0.0 |       0 |      23 |   0.0 |  1099
           D:7 |       0 |     399 |   0.0 |       0 |       9 |   0.0 |  1058
       Ossuary |       0 |     424 |   0.0 |       0 |      31 |   0.0 |   734
               +---------+---------+-------+---------+---------+-------+---------
